 Dungeon Crawl Stone Soup version 0.26-b1-32-g5d43845318 (webtiles) character file.

Game seed: 9372587604697861004

2 sentinel the Conjurer (level 1, -1/14 HPs)
             Began as a Demonspawn Conjurer on Jan 10, 2021.
             Killed from afar by a dart slug (7 damage)
             ... with a slug dart
             ... on level 1 of the Dungeon.
             The game lasted 00:00:12 (64 turns).

sentinel the Conjurer (Demonspawn Conjurer)           Turns: 64, Time: 00:00:13

Health: -1/14      AC:  2    Str:  7    XL:     1   Next: 33%
Magic:  2/3        EV: 12    Int: 19    God:
Gold:   0          SH:  0    Dex: 11    Spells: 3/4 levels left

rFire    . . .     SeeInvis .   e - +0 short sword
rCold    . . .     Faith    .   (no shield)
rNeg     . . .     Spirit   .   a - +0 robe
rPois    .         Reflect  .   (no helmet)
rElec    .         Harm     .   (no cloak)
rCorr    .         Rampage  .   (no gloves)
Will     .....                  (no boots)
Stlth    ++........             (no amulet)
HPRegen  0.04/turn              (no ring)
MPRegen  0.08/turn              (no ring)

@: no status effects
A: no striking features
a: no special abilities


You were on level 1 of the Dungeon.
You visited 1 branch of the dungeon, and saw 1 of its levels.

Inventory:

Hand Weapons
 e - a +0 short sword (weapon)
Armour
 a - a +0 robe (worn)
Scrolls
 b - a scroll of immolation {unknown}
 c - a scroll of remove curse {unknown}
Potions
 d - a potion of haste {unknown}


   Skills:
 + Level 0.8 Fighting
 - Level 1.7 Dodging
 - Level 1.7 Stealth
 - Level 2.0 Spellcasting
 - Level 4.0 Conjurations


You had 3 spell levels left.
You knew the following spells:

 Your Spells              Type           Power        Failure   Level
a - Magic Dart            Conj           68%          3%          1

Your spell library contained the following spells:

 Spells                   Type           Power        Failure   Level
 Searing Ray              Conj           34%          4%          2
 Dazzling Flash           Conj/Hex       18%          22%         3
 Fulminant Prism          Conj/Hex       4%           58%         4
 Iskenderun's Mystic Bla  Conj/Tloc      9%           58%         4


Dungeon Overview and Level Annotations

Branches:
Dungeon (1/15)

Altars:


Message History

Options error: Bad channel -- pray (~/.crawlrc:3650) Options error: Bad channel -- food (~/.crawlrc:3653) Options error: Bad channel -- rotten_meat (~/.crawlrc:3670) Welcome, sentinel the Demonspawn Conjurer.
It is said that the Orb of Zot exists deep within this dungeon.
Found a robe and a scroll labelled IFEAMO ANGOTO.
Found a staircase leading out of the dungeon.
b - a scroll labelled IFEAMO ANGOTO
c - a scroll labelled JEXAFU YQEI You open the door.
A kobold comes into view. It is wielding a +0 short sword.
Found a club.
But you're not safe! But you're not safe! But you're not safe!
But you're not safe! But you're not safe! But you're not safe!
The magic dart hits the kobold.
The kobold shouts!
The magic dart hits the kobold.
You kill the kobold!
You can't see any susceptible monsters within range! (Use Z to cast anyway.)
There is an open door here.
Things that are here:
a +0 short sword; a kobold corpse
d - a puce potion
Found a club.
A ball python and a kobold come into view.
The kobold shouts!
The ball python hisses angrily.
Found 26 arrows.
But you're not safe! But you're not safe!
The magic dart hits the kobold but does no damage.
A dart slug comes into view.
The magic dart hits the ball python.
You kill the ball python!
The kobold throws a stone.
The stone misses you.
You don't have enough magic to cast that spell.
You don't have enough magic to cast that spell.
You don't have enough magic to cast that spell.
You don't have enough magic to cast that spell.
You don't have enough magic to cast that spell.
You don't have enough magic to cast that spell.
You don't have enough magic to cast that spell.
But you're not safe!
The kobold throws a stone.
The stone barely misses you.
Things that are here:
a +0 short sword; a kobold corpse
e - a +0 short sword The kobold throws a stone.
The stone hits you but does no damage.
Okay, then.
e - a +0 short sword (weapon)
The kobold throws a stone.
The stone hits you but does no damage.
The kobold throws a stone.
The stone hits you.
There is an open door here.
You see here a stone.
You start resting.
You closely miss the kobold. The kobold completely misses you.
You barely miss the kobold. The kobold hits you.
You hit the kobold. The kobold hits you.
You closely miss the kobold. The kobold misses you.
You hit the kobold but do no damage. The kobold hits you.
You hit the kobold.
You kill the kobold!
The dart slug launches a dart at you. The slug dart hits you!
Ouch! That really hurt!
You die...

.................#....w.......
P.............P#.#....†.......
≈P...........P≈#.#.....$......
≈≈P.........P≈≈#.#.......(....
≈≈≈P.......P≈≈≈#.#.wK.........
≈≈≈≈P.....P≈≈≈≈#.#.....#
≈≈≈≈≈P[<.P≈≈≈≈≈#.#.....#
≈≈≈≈P.....P≈≈≈≈#.#.....#
≈≈≈P.......P≈≈≈#@#.....#
≈≈P.........P≈≈#.(w..).+
≈P...........P≈###.(...#
P.............P# #.....#
...............# #######
.........#####.


You could see a dart slug.

Vanquished Creatures
  A ball python (D:1)
  2 kobolds (D:1)
3 creatures vanquished.

Notes
Turn   | Place    | Note
-------+----------+-------------------------------------------
     0 | D:1      | sentinel the Demonspawn Conjurer began the quest for the
                  | Orb.
     0 | D:1      | Reached XP level 1. HP: 13/13 MP: 3/3
    64 | D:1      | Killed from afar by a dart slug

Illustrated notes

Levels and vault maps discovered:
D:1:      eino_arrival_druids_welcome, layout_basic, minmay_crystal_water,
          minmay_statues_item

Action                   || total
-------------------------++-------
Melee: Short sword       ||     6
 Cast: Magic Dart        ||     4
Dodge: Dodged            ||     4
